 Dungeon Crawl Stone Soup version 0.30.1-4-g462c640d31 (webtiles) character file.

Game seed: 15232696536876356681

410984 spardeous the Sorcerer (level 24, -9/184 HPs)
             Began as a Djinni Conjurer on Aug 28, 2023.
             Was an Initiate of Gozag.
             Mangled by a tentacled monstrosity (12 damage)
             ... on level 7 of the Abyss.
             The game lasted 02:21:43 (59538 turns).

spardeous the Sorcerer (Djinni Conjurer)           Turns: 59538, Time: 02:21:44

Health: -9/184     AC: 29    Str: 11    XL:     24   Next: 26%
Gold:   5334       EV: 15    Int: 38    God:    Gozag SH: 18 Dex: 14

rFire   + + +        n - +6 Majin-Bo {spellvamp, MP+6 Int+6}
rCold   + . .        M - +5 kite shield {rC+ rF+}
rNeg    + . .        H - +5 ring mail of Foolhardiness {rPois rN+ Will- Regen+}
rPois   ∞            J - +2 helmet {SInv}
rElec   +            l - +2 cloak "Ecwelaos" {rElec rCorr Str-2 Int+4}
rCorr   +            o - +3 pair of gauntlets of War {Slay+5}
SInv    +            (boots unavailable)
Will    +....        R - amulet of the acrobat
Stlth   +++          z - ring "Jepsoc" {AC+4 Int+3}
HPRegen 1.30/turn    a - ring of protection from cold
MPRegen 0.00/turn

%: acrobat, infuse magic (-10 HP)
@: about to teleport, gold aura, flying, studying Shields, unable to drink
A: sickness immunity, fire resistance 2, cold vulnerability 1, float, innate
caster, HP casting, extra vitality 1, clever 1, screaming 2, [inability to drink
after injury 2]
}: 3/15 runes: decaying, serpentine, abyssal
a: Renounce Religion, Potion Petition, Call Merchant, Bribe Branch


You were on level 7 of the Abyss.
You worshipped Gozag.
Gozag was greatly pleased with you.
You visited 9 branches of the dungeon, and saw 42 of its levels.
You visited the Abyss 3 times.
You also visited: Ossuary, Gauntlet, Ice Cave and Wizlab.

You collected 17931 gold pieces.
You spent 3326 gold pieces at shops.
You paid 9271 gold pieces to Gozag.

Inventory:

Hand Weapons
 n - the +6 Majin-Bo (weapon) {spellvamp, MP+6 Int+6}
   (You took it off a Hellbinder in a wizard's laboratory)

   Int:       It affects your intelligence (+6).
   MP:        It affects your magic capacity (+6).
 F - the +5 arbalest of Xom's Indignation {drain, rN+++ Str+3 Dex-3 SInv}
   (You found it in a wizard's laboratory)

   Str:       It affects your strength (+3).
   Dex:       It affects your dexterity (-3).
   rN:        It renders you almost immune to negative energy.
   SInv:      It lets you see invisible.
 X - a +5 broad axe of freezing
Armour
 l - the +2 cloak "Ecwelaos" (worn) {rElec rCorr Str-2 Int+4}
   (You bought it in a shop on level 1 of the Orcish Mines)

   Str:       It affects your strength (-2).
   Int:       It affects your intelligence (+4).
   rElec:     It insulates you from electricity.
   rCorr:     It protects you from acid and corrosion.
 o - the +3 pair of gauntlets of War (worn) {Slay+5}
   (You bought it in a shop on level 4 of the Lair of Beasts)

   Slay:      It affects your accuracy & damage with ranged weapons and melee
   (+5).
 H - the +5 ring mail of Foolhardiness (worn) {rPois rN+ Will- Regen+}
   (You found it on level 3 of the Lair of Beasts)

   rPois:     It protects you from poison.
   rN:        It protects you from negative energy.
   Regen:     It increases your rate of health regeneration.
   Will:      It decreases your willpower.
 J - a +2 helmet of see invisible (worn)
 M - a +5 kite shield of resistance (worn)
Magical Staves
 E - a staff of fire
 U - a staff of conjuration
Jewellery
 a - a ring of protection from cold (right hand)
 k - the ring "Dafyappu" {rElec rF+ rC- Str+8 Dex-5}
   (You found it in a wizard's laboratory)

   [ring of protection from fire]

   Str:       It affects your strength (+8).
   Dex:       It affects your dexterity (-5).
   rF:        It protects you from fire.
   rC:        It makes you vulnerable to cold.
   rElec:     It insulates you from electricity.
 q - the ring of Baduen {Fly rElec rN++ MP+9}
   (You found it in a Gauntlet)

   [ring of magical power]

   rElec:     It insulates you from electricity.
   rN:        It greatly protects you from negative energy.
   MP:        It affects your magic capacity (+9).
   Fly:       It grants you flight.
 z - the ring "Jepsoc" (left hand) {AC+4 Int+3}
   (You bought it in a shop on level 4 of the Lair of Beasts)

   [ring of protection]

   AC:        It affects your AC (+4).
   Int:       It affects your intelligence (+3).
 D - a ring of ice
 Q - a ring of ice
 R - an amulet of the acrobat (around neck)
 S - an amulet of reflection
 T - the ring of the Duke {rPois Str+3 Dex+6}
   (You took it off a deep elf annihilator on level 3 of the Elven Halls)

   [ring of poison resistance]

   Str:       It affects your strength (+3).
   Dex:       It affects your dexterity (+6).
   rPois:     It protects you from poison.
 W - the ring "Acraq" {Ice *Slow Fly rElec rN+++}
   (You took it off a deep elf master archer on level 3 of the Elven Halls)

   [ring of ice]

   It enhances your ice magic.
   rF:        It makes you vulnerable to fire.
   rC:        It protects you from cold.
   rElec:     It insulates you from electricity.
   rN:        It renders you almost immune to negative energy.
   Fly:       It grants you flight.
   *Slow:     It may slow you when you take damage.
 Z - a +6 ring of strength
Wands
 s - a wand of polymorph (8)
 w - a wand of mindburst (9)
 I - a wand of iceblast (35)
 O - a wand of flame (66)
 V - a wand of digging (10)
Scrolls
 b - 6 scrolls of fog
 d - 4 scrolls of magic mapping
 g - 4 scrolls of blinking
 h - 4 scrolls of immolation
 m - 7 scrolls of poison
 p - 5 scrolls of enchant armour
 v - 18 scrolls of teleportation
 y - 5 scrolls of brand weapon
 B - 3 scrolls of silence
 C - 3 scrolls of butterflies
 K - 4 scrolls of enchant weapon
 N - 4 scrolls of fear
 P - 7 scrolls of vulnerability
Potions
 e - 3 potions of attraction
 f - 3 potions of mutation
 i - a potion of resistance
 j - 4 potions of berserk rage
 r - 6 potions of lignification
 t - 3 potions of brilliance
 u - 4 potions of curing
 x - 4 potions of cancellation
 A - 5 potions of ambrosia
 G - 2 potions of might
 L - a potion of haste
 Y - 3 potions of invisibility


   Skills:
 - Level 19.0 Fighting
 - Level 15.0 Armour
 - Level 13.3 Dodging
 + Level 7.4 Stealth
 - Level 15.6 Shields
 - Level 22.0 Spellcasting


You knew the following spells:

 Your Spells              Type           Power      Damage    Failure   Level
a - Magic Dart            Conj           100%       1d8       0%          1
b - Searing Ray           Conj           100%       2d8       0%          2
c - Dazzling Flash        Conj/Hex       100%       N/A       0%          3
d - Fulminant Prism       Conj/Hex       59%        3d24      0%          4
e - Iskenderun's Mystic   Conj/Tloc      100%       2d19      0%          4
f - Sandblast             Erth           100%       2d20      0%          1
g - Static Discharge      Conj/Air       100%       2-7/arc   0%          2
h - Passwall              Tmut/Erth      98%        N/A       0%          2
i - Tukima's Dance        Hex            100%       N/A       0%          3
j - Leda's Liquefaction   Hex/Erth       59%        N/A       0%          4
k - Alistair's Intoxicat  Tmut/Pois      78%        N/A       0%          5
l - Starburst             Conj/Fire      59%        6d16      1%          6
m - Enfeeble              Hex            59%        N/A       1%          7
n - Dragon Form           Tmut           59%        N/A       1%          7
o - Lehudib's Crystal Sp  Conj/Erth      59%        10d14     1%          8
p - Orb of Destruction    Conj           59%        9d14      1%          7
Your spell library was empty.

Dungeon Overview and Level Annotations

Branches:
Dungeon (15/15)            Temple (1/1) D:4            Lair (5/5) D:10
  Swamp (4/4) Lair:3        Snake (4/4) Lair:2        Slime (4/5) Lair:5
    Orc (2/2) D:11            Elf (3/3) Orc:2        Vaults (0/5) D:13
 Depths (4/4) D:15        Ossuary (visited)           IceCv (visited)
 WizLab (visited)         Gauntlet (visited)
    Zot: Depths:4

Altars:
Ashenzari
Cheibriados
Dithmenos
Elyvilon
Fedhas
Gozag
Hepliaklqana
Makhleb
Nemelex Xobeh
Okawaru
Qazlal
Ru
Trog
Uskayaw
Wu Jian
Xom
Yredelemnul
Zin
The Shining One
Jiyva

Shops:
D:10 *:   D:14 :**?   Orc:1 [   Orc:2 [?:*   Elf:1 *=*   Elf:3 [
Lair:1 !*[=[[   Lair:4 [=   Snake:2 =((:   Snake:3 :=:   Depths:1 !(:

Portals:
Hell: Depths:1 Depths:2 Depths:3 Depths:4
Abyss: Depths:3
Pandemonium: Depths:2
Ziggurat: Depths:2

Annotations:
D:9 2 transporters, Vahgon's ghost, novice MiFi
Lair:4 2 transporters, Douraeg's ghost, journeyman OpTm
Elf:3 exclusion: door


Innate Abilities, Weirdness & Mutations

You are immune to sickness and miasma.
You are immune to poison.
Your flesh is very heat resistant. (rF++)
You are vulnerable to cold. (rC-)
You float through the air rather than walking.
You learn spells naturally, not from books.
Your magical power is your life essence.
You have superior vitality. (+4 MHP)
Your mind is acute. (Int +4, Str/Dex -1)
You frequently scream uncontrollably at your foes.
[You sometimes lose the ability to drink potions when taking damage.]


Message History

You take 7 damage, and have 23/184 hp.
Casting: Iskenderun's Mystic Blast (safe; 0% risk of failure)
Confirm with . or Enter, or press ? or * to list all spells.
You erupt in a blast of force!
The mystic blast hits the starcursed mass!
The starcursed mass is severely damaged.
The starcursed mass is knocked back by the mystic blast.
The starcursed mass collides with the tentacled monstrosity!
The tentacled monstrosity is lightly wounded.
The mystic blast hits the neqoxec!
You kill the neqoxec!
* * * LOW HITPOINT WARNING * * *
You hear a horrible gurgling sound!
You hear a shout! x2
You hear a horrible gurgling sound!
You take 7 damage, and have 16/184 hp.
Casting: Iskenderun's Mystic Blast (safe; 0% risk of failure)
Confirm with . or Enter, or press ? or * to list all spells.
You erupt in a blast of force!
The mystic blast hits the starcursed mass but does no damage.
The starcursed mass is severely damaged.
* * * LOW HITPOINT WARNING * * *
A starcursed mass splits.
A green ugly thing comes into view.
You take 7 damage, and have 9/184 hp.
Casting: Iskenderun's Mystic Blast (safe; 0% risk of failure)
Confirm with . or Enter, or press ? or * to list all spells.
You erupt in a blast of force!
The mystic blast hits the starcursed mass!
You destroy the starcursed mass!
The mystic blast hits the starcursed mass!!
You destroy the starcursed mass!
The mystic blast hits the tentacled monstrosity!
The tentacled monstrosity is lightly wounded.
* * * LOW HITPOINT WARNING * * *
A green very ugly thing comes into view.
You scream at the green very ugly thing!
The tentacled monstrosity tentacle-slaps you!
You feel threatened and lose the ability to drink potions!
You die...
Your body crumbles into a pile of gold.

## #.
##.# #u
# #.
######
##...
....
#.$ ...
..
#$X####
#
##.@.#
#..:.#
##.$.#
#####


You could see a tentacled monstrosity and a green very ugly thing.

Vanquished Creatures
  Saint Roka (Depths:3)
  Vashnia (Snake:2)
  A golden dragon (Depths:4)
  A Hellbinder (WizLab)
  A bone dragon (Abyss:3)
  Rupert (D:15)
  A tentacled monstrosity (Swamp:2)
  2 liches
  Jorgrun (D:15)
  2 deep elf blademasters (Elf:3)
  The ghost of Gygal Fez the Peltast, an adept MiFi of Okawaru (Snake:3)
  4 deep elf master archers (Elf:3)
  26 acid blobs
  6 tentacled starspawn
  5 thorn hunters
  A sphinx (Depths:3)
  Kirke (D:15)
  Agnes (Elf:2)
  2 tengu reavers
  A fenstrider witch (Swamp:3)
  9 azure jellies
  A draconian monk (Abyss:6)
  2 fire giants
  8 nagarajas
  7 rockslimes
  Donald (Swamp:4)
  6 deep elf sorcerers
  2 frost giants
  A deep elf elementalist (Elf:3)
  3 reapers (IceCv)
  Louise (Elf:3)
  Aizul (Snake:1)
  A ghoul (Swamp:3)
  2 balrugs
  A cacodemon (WizLab)
  A demonspawn blood saint (WizLab)
  9 very ugly things
  3 stone giants (Depths:2)
  11 quicksilver oozes
  A starflower (Abyss:4)
  A minotaur (Gauntlet)
  7 eleionomae
  7 deep elf demonologists
  11 deep elf annihilators (Elf:3)
  3 bunyips
  Snorg (D:14)
  A merfolk impaler (Depths:2)
  5 ettins
  A deep elf death mage (Elf:3)
  2 merfolk javelineers
  3 shambling mangroves
  3 blizzard demons
  3 green deaths
  6 fire dragons
  Josephine (Snake:1)
  5 deep elf high priests (Elf:3)
  2 salamander tyrants
  2 rakshasas
  2 hell beasts
  6 ice dragons
  A quicksilver dragon skeleton (Depths:1)
  22 hydras
  7 great orbs of eyes
  5 centaur warriors
  An ogre mage (D:15)
  3 ghost crabs
  9 anacondas
  A spriggan air mage (Depths:4)
  3 boulder beetles
  8 two-headed ogres
  2 alligators
  2 death knights
  22 dancing weapons
  2 tengu warriors
  3 thrashing horrors
  15 naga sharpshooters
  7 death yaks
  3 deep troll shamans
  A soul eater (WizLab)
  A deep troll earth mage (Depths:1)
  21 naga warriors
  5 orc high priests (Orc:2)
  A hell knight (Depths:1)
  3 spriggan berserkers
  5 shock serpents
  17 deep elf knights
  A fire crab (Gauntlet)
  3 salamander mystics
  6 sun demons
  5 iron trolls
  6 wretched stars
  3 sixfirhies
  A golden dragon zombie (Depths:1)
  A sea snake (shapeshifter) (D:15)
  A sea snake (Snake:3)
  10 large abominations
  5 spriggan druids
  A glowing orange brain (Depths:2)
  6 deep trolls
  4 naga ritualists
  3 skeletal warriors (D:15)
  8 swamp dragons
  A shadow demon (Abyss:7)
  A spriggan simulacrum (IceCv)
  4 bog bodies
  2 goliath frogs
  An obsidian statue (IceCv)
  11 deep elf archers
  A phantasmal warrior (D:13)
  An orange crystal statue (IceCv)
  2 harpies (shapeshifter)
  A lindwurm (D:13)
  26 deep elf pyromancers
  4 orc knights (Orc:2)
  2 wizards
  3 necromancers
  2 wolf spiders (Lair:5)
  29 deep elf zephyrmancers
  4 cyclopes
  9 mana vipers
  3 shining eyes
  17 ugly things
  A wolf spider zombie (D:15)
  An oklob plant (Abyss:4)
  A worldbinder (Abyss:3)
  2 orc sorcerers
  17 elephants
  5 will-o-the-wisps
  10 salamanders
  An elephant (shapeshifter) (Elf:2)
  46 black mambas
  2 guardian serpents (shapeshifter)
  2 eyes of devastation
  6 smoke demons
  8 guardian serpents
  2 rust devils (WizLab)
  Joseph (D:7)
  18 naga magi
  2 orange demons (WizLab)
  The ghost of plinko the Cutter, a novice DsRe of Cheibriados (D:5)
  Maggie (D:7)
  14 cane toads
  2 apocalypse crabs
  A dire elephant skeleton (Abyss:3)
  A gargoyle (D:13)
  3 unseen horrors
  A hellion (WizLab)
  3 rime drakes
  A yaktaur (shapeshifter) (D:13)
  2 efreet
  3 tormentors
  8 komodo dragons
  4 ice devils
  8 freezing wraiths (IceCv)
  2 golden dragon simulacra (IceCv)
  2 tengu conjurers
  3 ancient zymes (Abyss:3)
  3 red devils (WizLab)
  A spectral human (Depths:1)
  3 polar bears
  23 hornets
  A queen bee (Gauntlet)
  6 meliai (D:14)
  8 raiju
  2 hellwings (WizLab)
  5 trolls
  Grinder (D:5)
  2 bloated husks
  10 tyrant leeches
  21 blink frogs
  A meliai zombie (D:15)
  3 dire elephant simulacra (IceCv)
  81 slime creatures
  4 air elementals
  3 small abominations (Abyss:6)
  21 spriggans
  11 wyverns
  9 wraiths
  8 shadows
  58 yaks
  24 water elementals
  5 ynoxinuls
  A hog (shapeshifter) (D:15)
  2 yaks (shapeshifter)
  2 fire elementals
  6 hogs (D:15)
  2 fire bats (Gauntlet)
  5 golden eyes (Slime:2)
  2 steam dragons (Lair:5)
  5 chaos spawn
  19 starcursed masses
  Eustachio (D:4)
  2 vampire mosquitoes (D:15)
  6 neqoxecs
  3 redbacks (Lair:5)
  Edmund (D:5)
  2 basilisks
  Menkaure (D:5)
  4 minotaur simulacra (IceCv)
  41 nagas
  20 swamp worms
  A harpy simulacrum (IceCv)
  5 acid dragons
  4 hell hounds (Abyss:3)
  23 water moccasins
  11 swamp drakes
  2 ice beasts
  2 black bears
  A hornet zombie (Ossuary)
  34 orc warriors
  8 wolves
  6 ogres
  16 centaurs
  3 kobold brigands
  2 earth elementals (Elf:3)
  3 scorpions
  23 bullfrogs
  2 necrophages (Swamp:3)
  4 deep troll simulacra (IceCv)
  5 wights (D:7)
  2 water moccasin zombies (Ossuary)
  A lindwurm simulacrum (IceCv)
  12 killer bees
  A tengu skeleton (Depths:1)
  An electric eel (Lair:5)
  4 howler monkeys
  3 centaur zombies
  A jelly (Lair:5)
  6 hounds
  7 bullfrog zombies (Ossuary)
  A gnoll bouda (D:6)
  31 orc priests
  An iron imp (Abyss:3)
  4 sleepcaps
  8 iguanas
  14 orc wizards
  4 hell rats (Lair:5)
  4 killer bee zombies (Ossuary)
  17 mummies (Ossuary)
  2 howler monkey zombies (Ossuary)
  5 adders
  9 gnolls
  A shadow imp (D:5)
  2 white imps
  2 ufetubi
  3 worms
  6 dart slugs
  72 orcs
  12 endoplasms
  3 giant cockroaches
  10 goblins
  6 hobgoblins
  2 jackals (D:4)
  24 kobolds
  3 quokkas
  11 ball pythons
  3 bats
  6 frilled lizards
  5 rats (D:1)
  A lurking horror (Abyss:3)
  6 starspawn tentacles
1656 creatures vanquished.

Vanquished Creatures (others)
  An eleionoma (Swamp:2)
  A deep elf knight (Elf:1)
  A centaur zombie (D:15)
  An efreet (Abyss:6)
  A small abomination (Abyss:3)
  12 foxfires
  10 fulminant prisms (IceCv)
  8 starspawn tentacles
35 creatures vanquished.

Grand Total: 1691 creatures vanquished

Notes
Turn   | Place    | Note
-------+----------+-------------------------------------------
     0 | D:1      | spardeous the Djinni Conjurer began the quest for the Orb.
     0 | D:1      | spardeous set off with the following spells memorised:
                  | Magic Dart, Searing Ray, Dazzling Flash, Fulminant Prism,
                  | Iskenderun's Mystic Blast.
     0 | D:1      | Reached XP level 1. HP: 15/15 MP: 0/0
   145 | D:1      | Reached XP level 2. HP: 19/21 MP: 0/0
   455 | D:1      | Reached XP level 3. HP: 23/25 MP: 0/0
   455 | D:1      | Learned a level 1 spell: Sandblast
   607 | D:1      | Reached skill level 4 in Spellcasting
  1121 | D:2      | Reached XP level 4. HP: 29/31 MP: 0/0
  1860 | D:3      | Reached XP level 5. HP: 23/35 MP: 0/0
  1860 | D:3      | Learned a level 2 spell: Static Discharge
  2045 | D:3      | Identified the +0 robe of Gestures {Dex+3}
  2067 | D:3      | Reached skill level 5 in Spellcasting
  2233 | D:3      | Found a burning altar of Makhleb.
  2236 | D:3      | Noticed a green death
  2300 | D:3      | Found a stormy altar of Qazlal.
  2426 | D:4      | Noticed a black bear
  2428 | D:4      | Noticed an ogre
  2451 | D:3      | Killed a black bear
  2452 | D:3      | Reached XP level 6. HP: 3/40 MP: 0/0
  2738 | D:4      | Noticed Eustachio
  2753 | D:4      | Killed Eustachio
  2754 | D:4      | Reached skill level 6 in Spellcasting
  2754 | D:4      | Reached XP level 7. HP: 40/45 MP: 0/0
  2754 | D:4      | Learned a level 2 spell: Passwall
  3138 | D:4      | Found an ornate altar of the Wu Jian Council.
  3347 | D:4      | Found a staircase to the Ecumenical Temple.
  3354 | Temple   | Entered the Ecumenical Temple
  3571 | D:5      | Entered Level 5 of the Dungeon
  3846 | D:5      | Found a shadowy altar of Dithmenos.
  3907 | D:5      | Reached skill level 7 in Spellcasting
  3994 | D:5      | Found a runed translucent gate.
  3994 | D:5      | Found a runed translucent gate.
  3994 | D:5      | Found a runed translucent gate.
  4015 | D:5      | Noticed plinko's ghost (novice DsRe)
  4029 | D:5      | Noticed Menkaure
  4047 | D:4      | Reached XP level 8. HP: 42/50 MP: 0/0
  4177 | D:5      | Killed Menkaure
  4247 | D:5      | Noticed Edmund
  4255 | D:5      | Noticed Grinder
  4453 | D:5      | Killed Grinder
  4454 | D:5      | Reached skill level 8 in Spellcasting
  4928 | D:6      | Found a sand-covered staircase.
  4936 | Ossuary  | Entered an ossuary
  5011 | Ossuary  | Reached XP level 9. HP: 39/55 MP: 0/0
  5011 | Ossuary  | Learned a level 3 spell: Tukima's Dance
  5012 | Ossuary  | Reached skill level 9 in Spellcasting
  6230 | D:6      | Reached skill level 10 in Spellcasting
  6928 | D:5      | Found a shadowy altar of Dithmenos.
  7024 | D:5      | Killed Edmund
  7240 | D:5      | Killed plinko's ghost
  7241 | D:5      | Reached XP level 10. HP: 38/60 MP: 0/0
  7271 | D:5      | Reached XP level 11. HP: 68/87 MP: 0/0
  7271 | D:5      | Learned a level 4 spell: Leda's Liquefaction
  7518 | D:7      | Noticed Joseph
  7762 | D:7      | Killed Joseph
  7908 | D:7      | Reached skill level 11 in Spellcasting
  8645 | D:7      | Noticed Maggie
  8651 | D:7      | Killed Maggie
  8742 | D:7      | Found a snail-covered altar of Cheibriados.
  9518 | D:8      | Noticed a two-headed ogre
  9534 | D:8      | Killed a two-headed ogre
 10515 | D:8      | Reached skill level 12 in Spellcasting
 10686 | D:9      | Noticed a two-headed ogre
 10687 | D:9      | Noticed a tengu warrior
 10687 | D:9      | Noticed a two-headed ogre
 10687 | D:9      | Noticed a moth of wrath
 10687 | D:9      | Noticed Vahgon's ghost (novice MiFi)
 10690 | D:9      | Found a bloodstained altar of Trog.
 10727 | D:9      | Noticed a two-headed ogre
 10986 | D:9      | Killed a two-headed ogre
 11064 | D:9      | Found a transporter.
 11069 | D:9      | Found a transporter.
 11359 | D:9      | Reached XP level 12. HP: 60/94 MP: 0/0
 11470 | D:9      | Noticed a two-headed ogre
 11476 | D:9      | Killed a two-headed ogre
 11619 | D:9      | Found an opulent altar of Gozag.
 11787 | D:9      | Became a worshipper of Gozag Ym Sagoz the Greedy
 12238 | D:9      | Reached skill level 13 in Spellcasting
 12558 | D:10     | Entered Level 10 of the Dungeon
 12861 | D:10     | Found a staircase to the Lair.
 13116 | D:10     | Noticed a two-headed ogre
 13124 | D:10     | Killed a two-headed ogre
 13571 | D:10     | Found Owaygg's Book Emporium.
 13746 | D:10     | Found Kah Ino's CLEARANCE SALE!.
 14260 | D:11     | Found a staircase to the Orcish Mines.
 14503 | D:11     | Reached skill level 14 in Spellcasting
 15031 | D:10     | Found Owaygg's Book Emporium.
 15163 | D:10     | Found a staircase to the Lair.
 15216 | D:10     | Found Kah Ino's CLEARANCE SALE!.
 15818 | D:12     | Reached XP level 13. HP: 62/99 MP: 0/0
 15818 | D:12     | Learned a level 5 spell: Alistair's Intoxication
 17639 | D:13     | Reached skill level 15 in Spellcasting
 18138 | D:13     | Noticed a centaur warrior
 18143 | D:13     | Killed a centaur warrior
 18571 | D:13     | Found a gate to the Vaults.
 19527 | D:13     | Found a gate to the Vaults.
 19823 | Lair:1   | Entered Level 1 of the Lair of Beasts
 21688 | Lair:2   | Reached skill level 16 in Spellcasting
 21766 | Lair:2   | Reached XP level 14. HP: 91/105 MP: 0/0
 22724 | Lair:2   | Found a staircase to the Snake Pit.
 23690 | Lair:3   | Found a staircase to the Swamp.
 23864 | Lair:3   | Reached skill level 17 in Spellcasting
 24738 | Lair:3   | Identified the +5 ring mail of Foolhardiness {rPois rN+
                  | Will- Regen+}
 25219 | Lair:3   | Found a staircase to the Swamp.
 25645 | Lair:4   | Reached skill level 1 in Armour
 25882 | Lair:4   | Found a transporter.
 25936 | Lair:4   | Found a gate leading to a gauntlet.
 25947 | Lair:4   | Bought the +3 pair of gauntlets of War {Slay+5} for 760
                  | gold pieces
 25947 | Lair:4   | Found the +3 pair of gauntlets of War {Slay+5}
 25948 | Lair:4   | Bought the ring "Jepsoc" {AC+4 Int+3} for 640 gold pieces
 25962 | Gauntlet | Entered a Gauntlet
 25962 | Gauntlet | Found a transporter.
 25962 | Gauntlet | Found a transporter.
 25977 | Gauntlet | Found a transporter.
 25987 | Gauntlet | Found a transporter.
 26002 | Gauntlet | Found a transporter.
 26016 | Gauntlet | Found a transporter.
 26027 | Gauntlet | Found a transporter.
 26033 | Gauntlet | Found a transporter.
 26047 | Gauntlet | Found a transporter.
 26064 | Gauntlet | Found a transporter.
 26068 | Gauntlet | Found a transporter.
 26107 | Gauntlet | Found a transporter.
 26410 | Gauntlet | Identified the ring of Baduen {Fly rElec rN++ MP+9}
 26478 | Gauntlet | Noticed a minotaur
 26492 | Gauntlet | Killed a minotaur
 26505 | Gauntlet | Identified the +5 broad axe "Kuloe" {pain, Dex+5 Stlth+}
 26505 | Gauntlet | Identified the -2 pair of gloves of Wobbum {rN+ Dex+2}
 26505 | Gauntlet | Identified the +0 leather armour "Ujeikhlod" {Will+ Regen+
                  | Int+7 Dex-5}
 26505 | Gauntlet | Identified the staff of death "Wuibe" {rN+ Str+2}
 26834 | Lair:4   | Reached skill level 5 in Armour
 26987 | Lair:4   | Found a transporter.
 27009 | Lair:4   | Noticed Douraeg's ghost (journeyman OpTm)
 27053 | Lair:4   | Reached XP level 15. HP: 102/110 MP: 0/0
 27053 | Lair:4   | Learned a level 6 spell: Starburst
 27391 | Lair:5   | Entered Level 5 of the Lair of Beasts
 27592 | Lair:5   | Found a runed translucent door.
 27593 | Lair:5   | Found a viscous altar of Jiyva.
 27597 | Lair:5   | Found a staircase to the Slime Pits.
 28311 | Lair:5   | Reached skill level 10 in Armour
 29117 | Orc:1    | Entered Level 1 of the Orcish Mines
 29291 | Orc:1    | Found Tenircha's Armour Boutique.
 29297 | Orc:1    | Bought the +2 cloak "Ecwelaos" {rElec rCorr Str-2 Int+4}
                  | for 574 gold pieces
 29381 | Orc:2    | Entered Level 2 of the Orcish Mines
 29560 | Orc:2    | Found a staircase to the Elven Halls.
 29971 | Orc:2    | Found Ekhypitad's Antique Armour Boutique.
 30160 | Orc:2    | Reached skill level 5 in Dodging
 30335 | Orc:2    | Found Luphyaf's Magic Scroll Shoppe.
 30335 | Orc:2    | Found Fyvasm's Assorted Antiques.
 30336 | Orc:2    | Found Mirph's Distillery.
 30336 | Orc:2    | Found Zilatoen's Book Shoppe.
 30624 | Orc:1    | Reached XP level 16. HP: 109/116 MP: 0/0
 31142 | D:14     | Found Otoaqegg's Assorted Antiques.
 31144 | D:14     | Found Reqes's Book Emporium.
 31147 | D:14     | Found Tetsiuf's Magic Scroll Emporium.
 31147 | D:14     | Found Gatzirhy's General Store.
 31489 | D:14     | Noticed Snorg
 31493 | D:14     | Killed Snorg
 31901 | D:15     | Entered Level 15 of the Dungeon
 32040 | D:15     | Reached skill level 10 in Dodging
 32158 | D:15     | Noticed Rupert
 32171 | D:15     | Killed Rupert
 32627 | D:15     | Noticed Kirke
 32628 | D:15     | Noticed Jorgrun
 32646 | D:15     | Killed Jorgrun
 32649 | D:15     | Killed Kirke
 32733 | D:15     | Identified the +3 robe "Gyteits" {rC+++ MP-9 Dex-4
                  | Archmagi}
 33041 | D:15     | Found a staircase to the Depths.
 33146 | Depths:1 | Entered Level 1 of the Depths
 33250 | Depths:1 | Found Imyuv's Weapon Boutique.
 33398 | Depths:1 | Found a gateway to Hell.
 33438 | Depths:1 | Reached XP level 17. HP: 28/128 MP: 0/0
 33438 | Depths:1 | Learned a level 7 spell: Enfeeble
 33789 | Depths:1 | Found Fenipav's Book Emporium.
 33847 | Depths:1 | Found a hazy altar of Hepliaklqana.
 34018 | Depths:1 | Noticed a lich
 34028 | Depths:1 | Killed a lich
 34074 | Depths:1 | Found Jadayl's Distillery.
 34291 | Depths:1 | Noticed a bone dragon
 34684 | D:14     | Bought a scroll of identify for 20 gold pieces
 34684 | D:14     | Bought a scroll of identify for 20 gold pieces
 34759 | Depths:2 | Found a one-way gate leading to the halls of Pandemonium.
 34777 | Depths:2 | Reached skill level 15 in Fighting
 34897 | Depths:2 | Reached skill level 1 in Shields
 35353 | Depths:2 | Found a one-way gateway to a ziggurat.
 35561 | Depths:2 | Identified the +0 buckler of the Lusting Gods {Rampage +Inv
                  | Int-3}
 35599 | Depths:2 | Reached skill level 5 in Shields
 36283 | Depths:3 | Noticed Saint Roka
 36510 | Depths:3 | HP: 3/131 [Saint Roka/divine providence (11)]
 36667 | Depths:3 | Noticed a tengu reaver
 36670 | Depths:3 | Killed a tengu reaver
 36677 | Depths:3 | Noticed a sphinx
 36743 | Depths:3 | Killed a sphinx
 37383 | Depths:3 | Reached XP level 18. HP: 101/138 MP: 0/0
 37398 | Depths:3 | Killed Saint Roka
 37578 | Depths:3 | Found a one-way gate to the infinite horrors of the Abyss.
 37765 | Depths:3 | You are sucked into a shaft and drop 1 floor!
 37765 | Depths:4 | Entered Level 4 of the Depths
 37765 | Depths:4 | Noticed an acid blob
 37772 | Depths:4 | Killed an acid blob
 37772 | Depths:4 | Noticed an acid blob
 37772 | Depths:4 | Noticed an acid blob
 37776 | Depths:4 | Killed an acid blob
 37780 | Depths:4 | Noticed an acid blob
 37780 | Depths:4 | Killed an acid blob
 37781 | Depths:4 | Noticed an acid blob
 37783 | Depths:4 | Gained mutation: You do not regenerate when monsters are
                  | visible. [a shining eye]
 37847 | Depths:4 | Noticed an acid blob
 37904 | Depths:4 | Reached skill level 18 in Spellcasting
 37904 | Depths:4 | Killed an acid blob
 37953 | Depths:4 | Noticed a golden dragon
 37956 | Depths:4 | Killed an acid blob
 38082 | Depths:4 | Killed an acid blob
 38099 | Depths:4 | Killed a golden dragon
 38104 | Depths:4 | Found a magical portal.
 38113 | WizLab   | Entered The Hall of the Hellbinder
 38202 | WizLab   | Gained mutation: You sometimes lose your temper in combat.
                  | [a neqoxec]
 39080 | WizLab   | Identified the +5 arbalest of Xom's Indignation {drain,
                  | rN+++ Str+3 Dex-3 SInv}
 39093 | WizLab   | Noticed Sosizxag
 39101 | WizLab   | Killed Sosizxag the Hellbinder
 39102 | WizLab   | Reached skill level 19 in Spellcasting
 39117 | WizLab   | Identified the ring "Dafyappu" {rElec rF+ rC- Str+8 Dex-5}
 39124 | WizLab   | Got the Secrets of Creation
 39154 | WizLab   | Found a burning altar of Makhleb.
 39304 | Depths:4 | Paralysed by a great orb of eyes for 5 turns
 39579 | Lair:1   | Bought a crude plate armour for 1064 gold pieces
 39579 | Lair:1   | Identified the +7 plate armour "Kygonkod" {rN+ Str+2 Int-4}
                  | (You bought it in a shop on level 1 of the Lair of Beasts)
 39648 | Snake:1  | Entered Level 1 of the Snake Pit
 39747 | Snake:1  | Reached XP level 19. HP: 132/143 MP: 0/0
 39747 | Snake:1  | Learned a level 7 spell: Dragon Form
 39782 | Snake:1  | Noticed Josephine
 39788 | Snake:1  | Killed Josephine
 39887 | Snake:1  | Noticed Aizul
 39894 | Snake:1  | Killed Aizul
 40387 | Snake:2  | Noticed Vashnia
 40394 | Snake:2  | Killed Vashnia
 40523 | Snake:2  | Found a frozen archway.
 40588 | IceCv    | Entered an ice cave
 41102 | IceCv    | Lost mutation: You sometimes lose your temper in combat.
                  | [potion of mutation]
 41102 | IceCv    | Lost mutation: You do not regenerate when monsters are
                  | visible. [potion of mutation]
 41102 | IceCv    | Gained mutation: Your mind is acute. (Int +4, Str/Dex -1)
                  | [potion of mutation]
 41102 | IceCv    | Gained mutation: You occasionally shout uncontrollably at
                  | your foes. [potion of mutation]
 41137 | IceCv    | Reached skill level 20 in Spellcasting
 41331 | IceCv    | Identified the +0 hat of the Stonemason {Int+3 Stlth+}
 41912 | Snake:2  | Found Zethrano's Antique Weapon Boutique.
 41914 | Snake:2  | Found Lugior's Book Boutique.
 41914 | Snake:2  | Found Koentoong's Jewellery Shop.
 41921 | Snake:2  | Found Efef's Antique Weapon Shop.
 42318 | Snake:3  | Found a runed translucent gate.
 42321 | Snake:3  | Found a runed translucent gate.
 42323 | Snake:3  | Found a runed translucent gate.
 42325 | Snake:3  | Noticed Gygal Fez's ghost (adept MiFi)
 42328 | Snake:3  | Identified a scroll of acquirement
 42613 | Snake:3  | Found Weschuen's Book Shoppe.
 42613 | Snake:3  | Found Cyhuc's Jewellery Shop.
 42625 | Snake:3  | Found Ogoes's Book Shoppe.
 43490 | Snake:3  | Killed Gygal Fez's ghost
 43555 | Snake:3  | Acquired the +2 hood of the Assassin {Detect Stab+ Stlth++}
 43555 | Snake:3  | Found the +2 hood of the Assassin {Detect Stab+ Stlth++}
 43602 | Snake:4  | Entered Level 4 of the Snake Pit
 43698 | Snake:4  | Reached XP level 20. HP: 149/149 MP: 0/0
 43802 | Snake:4  | Identified the staff of air "Peare" {rElec rF+}
 44051 | Snake:4  | Identified the staff of air "Cod Pucs" {rElec rF+}
 44116 | Snake:4  | Reached skill level 10 in Shields
 44585 | Snake:4  | Got a serpentine rune of Zot
 44626 | Snake:4  | Identified the +4 spear of the Slime-mould {speed, Will+}
 45369 | Lair:1   | Bought a scroll of teleportation for 63 gold pieces
 45450 | Swamp:1  | Entered Level 1 of the Swamp
 45685 | Swamp:1  | Reached skill level 15 in Shields
 46159 | Swamp:2  | Reached XP level 21. HP: 98/155 MP: 0/0
 46159 | Swamp:2  | Learned a level 8 spell: Lehudib's Crystal Spear
 47104 | Swamp:3  | Found a burning altar of Makhleb.
 47309 | Swamp:4  | Entered Level 4 of the Swamp
 47348 | Swamp:4  | Noticed Donald
 47353 | Swamp:4  | Killed Donald
 47837 | Swamp:4  | Got a decaying rune of Zot
 48922 | Lair:1   | Bought a potion of heal wounds for 50 gold pieces
 49056 | Slime:1  | Entered Level 1 of the Pits of Slime
 49062 | Slime:1  | Gained mutation: You frequently scream uncontrollably at
                  | your foes. [a shining eye]
 49518 | Slime:2  | Paralysed by a great orb of eyes for 4 turns
 49884 | Slime:2  | Reached XP level 22. HP: 166/166 MP: 0/0
 53246 | Elf:1    | Entered Level 1 of the Elven Halls
 53571 | Elf:1    | Reached skill level 21 in Spellcasting
 53606 | Elf:1    | Found Peryun's Assorted Antiques.
 53947 | Elf:1    | Found Ywolazyag's General Store.
 53955 | Elf:1    | Bought a scroll of blinking for 135 gold pieces
 54111 | Elf:1    | Found Gaiwnaf's Jewellery Boutique.
 54181 | Elf:2    | Noticed Agnes
 54188 | Elf:2    | Killed Agnes
 54546 | Elf:2    | Found a huge runed translucent gate.
 54546 | Elf:2    | Found a huge runed translucent gate.
 54557 | Elf:2    | Found a huge runed translucent gate.
 54969 | Elf:2    | Found a huge runed translucent gate.
 54969 | Elf:2    | Found a huge runed translucent gate.
 54988 | Elf:2    | Reached XP level 23. HP: 174/178 MP: 0/0
 54988 | Elf:2    | Learned a level 7 spell: Orb of Destruction
 56149 | Elf:3    | Entered Level 3 of the Elven Halls
 56149 | Elf:3    | Found Eria's Armour Emporium.
 56622 | Elf:3    | Noticed Louise
 56633 | Elf:3    | Killed Louise
 57210 | Elf:3    | Reached skill level 22 in Spellcasting
 57414 | Elf:3    | Identified the ring "Acraq" {Ice *Slow Fly rElec rN+++}
 57418 | Elf:3    | Identified the +6 morningstar "Zicilor" {protect, Dex+4}
 57493 | Abyss:2  | Cast into level 2 of the Abyss (a deep elf sorcerer)
 57530 | Abyss:3  | Found a corrupted altar of Lugonu.
 57647 | Abyss:3  | Found a corrupted altar of Lugonu.
 57711 | Abyss:3  | Found a corrupted altar of Lugonu.
 57952 | Abyss:3  | HP: 4/178 [starcursed mass/accursed screaming (6)]
 58022 | Abyss:3  | Found a corrupted altar of Lugonu.
 58155 | Abyss:3  | Found a corrupted altar of Lugonu.
 58225 | Elf:3    | Escaped the Abyss
 58357 | Elf:3    | Identified the ring of the Duke {rPois Str+3 Dex+6}
 58410 | Elf:3    | Identified the staff of fire "Fuasus" {rElec rF+}
 58417 | Abyss:3  | Found a corrupted altar of Lugonu.
 58417 | Abyss:3  | Cast into level 3 of the Abyss (a deep elf sorcerer)
 58471 | Abyss:3  | Found a corrupted altar of Lugonu.
 58495 | Abyss:3  | Reached skill level 15 in Armour
 58788 | Abyss:3  | Found a corrupted altar of Lugonu.
 58872 | Abyss:4  | Found a corrupted altar of Lugonu.
 58887 | Abyss:4  | Found a corrupted altar of Lugonu.
 58887 | Abyss:4  | Found a corrupted altar of Lugonu.
 58890 | Abyss:4  | Paralysed by accursed screaming for 1 turns
 58896 | Abyss:4  | Reached XP level 24. HP: 84/184 MP: 0/0
 58898 | Abyss:4  | Reached skill level 5 in Stealth
 58904 | Abyss:4  | Got an abyssal rune of Zot
 58909 | Elf:3    | Escaped the Abyss
 59035 | Elf:3    | Found the +2 hat of the Bear Spirit {Spirit, Bear, *Rage
                  | Will++}
 59148 | Elf:3    | Identified the ring "Ezxyaq" {rF++ MP+9 Str+6 Dex-4 SInv}
 59149 | Abyss:4  | Cast into level 4 of the Abyss (a deep elf sorcerer)
 59205 | Abyss:5  | Found a corrupted altar of Lugonu.
 59218 | Abyss:6  | Found a corrupted altar of Lugonu.
 59408 | Abyss:6  | Noticed a dread lich
 59489 | Abyss:7  | Entered Level 7 of the Abyss
 59538 | Abyss:7  | Mangled by a tentacled monstrosity

Illustrated notes

Levels and vault maps discovered:
D:1:      mainiacjoe_arrival_reflecting_pool, layout_basic, st_stairs_6
D:2:      layout_loops_corners, kennysheep_minor_cross
D:3:      layout_basic, makhleb_altar_promises_db, general_overflow_altar
D:4:      layout_rooms, nzn_wu_jian_council_hall, minmay_temple_entry_overgrown,
          serial_aquarium, aquarium_bridge_square [aquarium_subvault_window,
          aquarium_subvault_bridge, aquarium_subvault_bridge,
          aquarium_subvault_bridge], aquarium_bridge_square
          [aquarium_subvault_bridge, aquarium_subvault_bridge,
          aquarium_subvault_window, aquarium_subvault_wall],
          aquarium_window_fake, aquarium_window_double, aquarium_view_2b,
          aquarium_pool_side, minmay_fountain_box, uniq_eustachio
D:5:      layout_cave_pools, nicolae_dithmenos_the_darkroom,
          gammafunk_ghost_split, uniq_grinder, uniq_menkaure, uniq_edmund
D:6:      layout_gridville, mainiacjoe_overflow_paths, enter_ossuary_1,
          grunt_ministairs_5
D:7:      layout_gridville, cheibrodos_worm_habitat, grunt_ministairs_10,
          minmay_fractal_squares_5, uniq_maggie, uniq_joseph
D:8:      layout_gridville
D:9:      layout_basic, grunt_gozag_statues, gammafunk_ghost_wrathful_warriors
D:10:     layout_rooms, due_lair_maze_entry_diamond, serial_shops,
          nicolae_diamond_shop, nicolae_shop_clearance
D:11:     layout_basic, orc_0_dummy
D:12:     layout_irregular_city
D:13:     layout_basic, david_vaults_4
D:14:     layout_loops_cross, serial_glass, glass_columns_a, glass_columns_a,
          minmay_tree_intersection, minmay_shop_grid_forest, uniq_snorg
D:15:     grunt_enter_depths_hoard, layout_basic, serial_undead,
          serial_undead_e, serial_undead_b, serial_undead_f, serial_undead_d,
          uniq_kirke, uniq_rupert, uniq_jorgrun
Temple:   bh_familiar_temple
Lair:1:   layout_layer_cave
Lair:2:   layout_cave_pods, minmay_snake_entry_spellcaster, grunt_megastairs_1
Lair:3:   layout_loops_ring, swamp_mist_pool
Lair:4:   layout_cave_pods, gammafunk_ghost_abyssal_escape,
          gauntlet_entry_generic, chequers_serial_rivers_small_b,
          beast_lair_carwin_11
Lair:5:   guppyfry_lair_end_dragon, layout_regular_city,
          hangedman_lair_tendril_chambers, slime_entry_2,
          chequers_serial_rivers_small_b, nicolae_lair_grove_arrangements,
          infiniplex_staircase_pool
Swamp:1:  nicolae_swamp_wrong_neighborhood, layout_basic_swamp,
          nicolae_swamp_little_tower, swamp_pool2
Swamp:2:  layout_basic_swamp, serial_swamp_ruin, evilmike_swamp_ruin_house_2,
          evilmike_swamp_ruin_house_4, evilmike_swamp_ruin_house_5,
          infiniplex_staircase_pool_2
Swamp:3:  layout_basic_swamp, basic_altar, swamp_pool1
Swamp:4:  swamp, layout_basic_swamp, swamp_pool4, uniq_donald
Snake:1:  layout_basic, uniq_josephine, uniq_aizul
Snake:2:  layout_rooms, portal_ice_cave_entry_pillars_three, grunt_megastairs_5,
          minmay_shoptagon, uniq_vashnia
Snake:3:  layout_layer_cave, gammafunk_ghost_split, serial_bayou_pond_b,
          minmay_shop_grove
Snake:4:  minmay_snake_end_coiled, layout_cave_town, nicolae_snake_storage_room
Slime:1:  layout_caves, cheibrodos_slime_lost_civilization_7
Slime:2:  layout_caves, nicolae_slime_crime_time
Slime:3:  layout_caves
Slime:4:  layout_caves, nicolae_slime_welcoming_committee
Orc:1:    layout_caves, serial_shops, shop
Orc:2:    st_orc_pillars, layout_caves, serial_shops, shop, mines2_lemuel
Elf:1:    minmay_elf_arrival_circle, layout_gridlike, serial_shops,
          nicolae_shop_statue_plus, nicolae_shop_peninsula,
          nicolae_shop_overgrown_old_shop, hangedman_corner_corridor
Elf:2:    elven_hall_of_blades_hangedman_alternative
          [nicolae_blade_entry_pointy_end], layout_geoelf_diagonals, uniq_agnes
Elf:3:    minmay_elf_hall_furrowed, layout_loops_corners, serial_shops,
          shop_fountains, uniq_louise
Depths:1: layout_twisted_cross, serial_shops, nicolae_shop_trees,
          nicolae_shop_rolling_square, nicolae_shop_bloodbath_and_beyond,
          grunt_mini_vestibule, hangedman_decor_points,
          chequers_serial_rivers_room_b, nicolae_hepliaklqana_monster_ancestors
Depths:2: wad_lake_hut, layout_gridlike, enter_ziggurat_a, pan_entry,
          pf_hell_entry_tar_spiral
Depths:3: kennysheep_blocky_hall, layout_cave_pools, abyss_entry_crystal,
          fiery_altar_vehumet, hell_entry, led_sif_pool, uniq_saint_roka
Depths:4: evilmike_zot_entry_basic, layout_cave_pools, special_room
          [special_room_jelly], hell_entry, hangedman_abyss_or_decor_stagger,
          mu_enter_wizlab_5, bh_walls_and_bars, infiniplex_staircase_pool_lava
Abyss:7:  base: Orc:2, evilmike_abyss_exit_11, hangedman_abyss_batty_box,
          bh_abyss_exit_grid, minivault_27, minivault_25, evilmike_abyss_exit_7,
          serial_sigils_hangedman_quiver, spicy_abyss_planar_alliance,
          bh_abyss_exit_grid, hangedman_abyss_lost_library, minivault_26

Skill      XL: |  1  2  3  4  5  6  7  8  9 10 11 12 13 14 15 16 17 18 19 20 21 22 23 24 |
---------------+-------------------------------------------------------------------------+-----
Spellcasting   | 4 5 6 7 8 10 12 14 16 17 19 20 21 22 | 22.0
Fighting       | 11 13 15 17 19 | 19.0
Armour         | 6 11 12 15 | 15.0
Dodging        | 7 10 13 | 13.3
Shields        | 8 15 | 15.6
Stealth        | 2 4 7 |  7.4

Action                     |  1- 3 |  4- 6 |  7- 9 | 10-12 | 13-15 | 16-18 | 19-21 | 22-24 || total
---------------------------+-------+-------+-------+-------+-------+-------+-------+-------++-------
  Melee: Unarmed           |       |       |     5 |       |       |       |       |       ||     5
         Spear             |       |       |       |     6 |       |       |       |       ||     6
         Staff             |       |       |       |       |    24 |     8 |       |       ||    32
         Bo                |       |       |       |       |       |     5 |    34 |    33 ||    72
   Cast: Magic Dart        |    73 |    82 |    70 |    12 |       |       |       |       ||   237
         Searing Ray       |       |     7 |    26 |     3 |       |       |       |       ||    36
         Iskenderun's Myst |       |       |    72 |   225 |   502 |   458 |   187 |   318 ||  1762
         Alistair's Intoxi |       |       |       |       |     2 |     1 |       |     1 ||     4
         Starburst         |       |       |       |       |    18 |   159 |   473 |   189 ||   839
         Static Discharge  |       |       |       |       |       |     3 |       |     3 ||     6
         Enfeeble          |       |       |       |       |       |     1 |     4 |     4 ||     9
         Fulminant Prism   |       |       |       |       |       |       |    10 |       ||    10
         Lehudib's Crystal |       |       |       |       |       |       |       |    89 ||    89
         Orb of Destructio |       |       |       |       |       |       |       |    43 ||    43
         Sandblast         |       |       |       |       |       |       |       |     1 ||     1
 Invoke: Call Merchant     |       |       |       |       |     2 |     4 |     2 |       ||     8
    Use: Scroll            |       |       |       |    14 |    13 |     6 |     2 |    19 ||    54
         Potion            |       |       |       |     1 |     5 |    11 |     8 |    17 ||    42
   Stab: Distracted        |       |       |       |       |       |       |       |     1 ||     1
 Armour: Robe              |     1 |       |       |       |       |       |       |       ||     1
         Ring mail         |     2 |    15 |    18 |     3 |       |    79 |   175 |    66 ||   358
         Chain mail        |       |       |       |     7 |    29 |       |       |       ||    36
         Steam dragon scal |       |       |       |    13 |     5 |       |       |       ||    18
         Leather armour    |       |       |       |       |    36 |    33 |       |       ||    69
  Dodge: Dodged            |     4 |    29 |    36 |    51 |    63 |   133 |   278 |   119 ||   713
  Block: Buckler           |       |       |       |    10 |    20 |    58 |    29 |       ||   117
         Kite shield       |       |       |       |       |       |       |   156 |   173 ||   329
